Map: Corrosion EC

Players

HoldTheDoor - Winner!

  • Race: Protoss Protoss
  • League: Diamond
  • Spawn Location: 5:00

Jojoje

  • Race: Terran Terran
  • League: Diamond
  • Spawn Location: 11:00

VOD

Have the link to the VOD?

Description

Time

  • Played on: July 15, 2018, 10:38 a.m.
  • Length: 14:41
Show
View Real Time Build Order
Export as new Build Order

HoldTheDoor Protoss - Winner!

Build Orders: Double Forge 

Get SALT Encoding   

  12  0:01  Probe  
  13  0:13  Probe  
  14  0:21  Pylon  
  14  0:25  Probe  
  15  0:39  Probe  
  16  0:43  Gateway  
  16  0:48  Probe  
  16  0:51  Assimilator  
  16  0:56  Probe  
  17  0:59  Assimilator  
  18  1:05  Probe  
  19  1:17  Probe  
  20  1:27  Gateway  
  20  1:35  Cybernetics Core  
  20  1:38  Probe  
  21  1:42  Pylon  
  21  1:50  Probe  
  22  2:02  Probe  
  23  2:14  Probe  
  24  2:18  Stalker x2  
  24  2:20  Warp Gate  
  24  2:26  Probe  
  29  2:34  Pylon  
  29  2:38  Probe  
  30  2:50  Probe  
  31  2:52  Stalker x2  
  31  2:53  Robotics Facility  
  35  3:03  Probe  
  36  3:11  Pylon  
  36  3:15  Probe  
  37  3:27  Probe  
  38  3:41  Immortal  
  38  3:45  Nexus  
  38  3:48  Probe  
  43  3:53  Pylon  
  43  4:05  Probe  
  43  4:08  Forge  
  44  4:12  Forge  
  44  4:17  Probe  
  44  4:21  Observer  
  46  4:25  Stalker  
  46  4:27  Stalker  
  50  4:35  Pylon  
  40  4:49  Adept  
  40  4:50  Immortal, Adept  
  38  5:02  Probe  
  38  5:03  Probe  
  44  5:09  Shield Battery  
  44  5:13  Sentry  
  46  5:18  Protoss Ground Armor Level 1  
  46  5:19  Probe x2  
  48  5:22  Stalker  
  48  5:24  Immortal  
  50  5:31  Probe  
  55  5:44  Protoss Shields Level 1  
  55  5:45  Probe  
  56  5:50  Assimilator  
  56  5:54  Assimilator  
  56  5:55  Probe  
  57  5:59  Immortal  
  57  6:10  Stalker  
  63  6:21  Stalker  
  65  6:44  Immortal  
  65  6:46  Probe x2  
  71  6:54  Pylon  
  71  6:56  Gateway  
  71  6:58  Gateway  
  71  7:00  Gateway  
  71  7:04  Gateway  
  71  7:05  Pylon  
  71  7:08  Pylon  
  71  7:10  Pylon  
  71  7:12  Photon Cannon  
  71  7:15  Photon Cannon  
  71  7:16  Probe, Photon Cannon  
  71  7:17  Probe  
  73  7:25  Stalker  
  73  7:26  Stalker  
  73  7:28  Probe  
  73  7:29  Probe  
  79  7:35  Immortal  
  83  7:42  Probe  
  83  7:43  Probe  
  85  7:54  Robotics Bay  
  85  7:56  Pylon  
  85  8:00  Pylon  
  85  8:05  Sentry x2  
  89  8:16  Immortal  
  89  8:21  Shield Battery  
  89  8:24  Pylon  
  93  8:27  Pylon  
  93  8:42  Pylon  
  93  8:44  Stalker x4  
  93  8:46  Stalker  
  91  9:02  Stalker  
  91  9:09  Probe  
  94  9:12  Colossus  
  100  9:26  Nexus  
  100  9:30  Probe  
  100  9:31  Probe  
  102  9:35  Pylon  
  102  9:36  Protoss Ground Weapons Level 1  
  102  9:43  Probe x2  
  102  9:44  Zealot x3  
  110  9:45  Pylon  
  110  9:51  Extended Thermal Lance  
  110  9:57  Twilight Council  
  110  10:01  Assimilator  
  110  10:05  Probe x2  
  111  10:25  Colossus  
  111  10:27  Probe x2  
  113  10:33  Zealot x4  
  113  10:34  Zealot x2  
  125  10:36  Charge  
  125  10:39  Probe x2  
  133  10:55  Stalker  
  133  10:56  Stalker x2  
  139  11:15  Immortal  
  139  11:16  Assimilator  
  139  11:17  Pylon  
  139  11:21  Pylon  
  139  11:22  Zealot x2  
  139  11:23  Zealot x4  
  141  11:49  Zealot x6  
  151  12:07  Pylon  
  151  12:08  Probe x2  
  153  12:09  Pylon  
  153  12:11  Probe  
  153  12:12  Immortal  
  153  12:14  Photon Cannon  
  154  12:16  Protoss Ground Armor Level 2  
  154  12:18  Photon Cannon  
  154  12:19  Photon Cannon  
  158  12:32  Probe x2  
  158  12:35  Probe  
  161  12:41  Photon Cannon  
  161  12:44  Shield Battery  
  161  12:45  Probe  
  161  12:46  Probe  
  163  12:55  Pylon  
  123  13:24  Zealot x2  
  123  13:25  Zealot x4  
  135  13:27  Probe x3  
  138  13:35  Templar Archives  
  138  13:44  Photon Cannon  
  138  13:46  Photon Cannon  
  138  13:48  Pylon  
  138  13:49  Photon Cannon  
  138  13:50  Pylon  
  138  13:53  Immortal  
  142  13:57  Zealot x2  
  142  14:16  Stalker x3  
  136  14:17  Stalker x2  
Show
View Real Time Build Order
Export as new Build Order

Jojoje Terran 

Build Orders: MMM Bio 

Get SALT Encoding   

  12  0:01  SCV  
  13  0:14  SCV  
  14  0:17  Supply Depot  
  14  0:26  SCV  
  15  0:38  SCV  
  15  0:40  Barracks  
  16  0:47  Refinery  
  16  0:51  SCV  
  17  1:03  SCV  
  18  1:15  SCV  
  19  1:20  Barracks  
  19  1:27  Orbital Command  
  19  1:28  Marine  
  20  1:35  Supply Depot  
  20  2:02  Barracks Reactor  
  20  2:03  SCV, Barracks  
  20  2:07  Barracks Tech Lab  
  21  2:15  SCV  
  22  2:23  Supply Depot  
  22  2:26  Marauder, Stimpack  
  24  2:31  SCV  
  25  2:39  Supply Depot, Marine x2  
  25  2:43  SCV  
  28  2:50  Marauder  
  28  2:51  Barracks Tech Lab  
  30  2:55  Refinery  
  30  2:59  Marine x2  
  32  3:10  Concussive Shells  
  32  3:11  Marauder  
  32  3:12  SCV  
  35  3:18  Supply Depot  
  35  3:22  Marine x2  
  35  3:24  SCV  
  38  3:28  Marauder  
  40  3:37  Marauder  
  42  3:42  Marine x2  
  42  3:44  SCV  
  45  3:51  Marauder  
  47  4:01  Marauder, Marine x2  
  51  4:07  SCV  
  52  4:14  Supply Depot  
  52  4:23  SCV  
  38  4:55  Marine  
  38  4:56  Marauder x2, Marine  
  44  5:01  SCV, Command Center  
  44  5:02  Combat Shields  
  45  5:07  Supply Depot, Barracks  
  45  5:12  Engineering Bay  
  45  5:13  SCV  
  46  5:16  Marine  
  46  5:17  Marine  
  48  5:24  Marauder x2  
  48  5:25  SCV  
  53  5:36  Marine x2  
  53  5:37  Factory  
  55  5:46  Marauder x2  
  59  5:55  Barracks Reactor  
  59  5:57  Marine  
  59  5:58  Barracks, Marine  
  59  6:11  Marauder x2  
  59  6:18  Orbital Command  
  59  6:22  SCV  
  60  6:26  Terran Infantry Weapons Level 1  
  60  6:32  Marine x2  
  62  6:34  SCV  
  62  6:45  SCV, Bunker  
  62  6:47  Marine, Bunker  
  63  6:50  Barracks Reactor  
  64  7:05  Marine x3  
  64  7:06  Marauder, Marine  
  64  7:07  Marauder  
  64  7:08  SCV x2  
  74  7:20  SCV x2  
  74  7:22  Refinery  
  76  7:25  Refinery  
  76  7:30  Starport  
  76  7:31  Marine x2  
  76  7:32  SCV x2  
  76  7:33  Starport  
  76  7:34  Marine x2  
  82  7:39  Marine  
  82  7:40  Marine  
  82  7:41  Marauder  
  86  7:48  Supply Depot  
  86  7:49  Supply Depot  
  86  7:52  SCV x2  
  88  8:05  SCV x2  
  90  8:10  Starport Reactor x2  
  90  8:12  Marine  
  90  8:13  Marine x4  
  90  8:14  Marauder, Marine  
  90  8:15  Marauder  
  100  8:25  Missile Turret  
  100  8:26  Missile Turret  
  100  8:27  Terran Infantry Armor Level 1  
  100  8:32  Marine x2  
  100  8:33  Marine x3  
  105  8:41  Marine  
  105  8:42  Marauder  
  105  8:46  SCV x2  
  105  8:58  SCV  
  87  9:07  Medivac  
  87  9:08  Medivac x3  
  95  9:22  Command Center  
  95  9:26  Marine x4  
  95  9:27  Marine  
  100  9:35  Supply Depot  
  100  9:37  Supply Depot  
  100  9:46  Armory  
  100  9:50  SCV  
  100  9:51  SCV, Engineering Bay  
  100  9:52  Marine  
  103  9:56  Medivac  
  105  10:12  Marine x5  
  105  10:13  Marine  
  105  10:14  Marauder  
  113  10:15  Medivac  
  115  10:22  Supply Depot  
  115  10:30  Medivac  
  115  10:31  Marine, Medivac x2  
  122  10:44  Marine x4  
  122  10:45  Marine  
  122  10:46  Marauder  
  118  12:00  Viking x4  
  126  12:04  SCV x2  
  128  12:09  Orbital Command  
  128  12:16  SCV, Marine x4  
  128  12:17  Marauder, Marine  
  128  12:18  Marauder  
  138  12:24  Barracks  
  138  12:26  Barracks  
  138  12:31  Barracks  
  138  12:39  SCV x3, Marauder  
  138  12:40  Viking  
  138  12:41  Viking x2  
  149  12:52  Ghost Academy  
  149  13:04  Marine x3  
  149  13:06  Marine  
  149  13:12  Marine  
  134  13:13  Marine, Viking  
  134  13:14  Marauder  
  127  13:22  Viking x3  
  127  13:23  Marine  
  134  13:44  Supply Depot  
  134  14:05  Marine x2  
  134  14:06  Marauder  
Tags
 
Composition
MMM Bio
Matchup
PvT
Spawn Locations
Cross Positions
Add a new tag
Caveats
  • Supply blocks, unpowered buildings, or Contaminate may cause inaccurate times.
  • Supply counts are checked every 10 seconds.